 Dungeon Crawl Stone Soup version 0.27-a0-1177-g245c70e1c0 (webtiles) character file.

Game seed: 13435784442281089279

72 Glokmah the Charlatan (level 4, -3/33 HPs)
             Began as a Demonspawn Artificer on May 16, 2021.
             Was a Follower of Jiyva.
             Killed by divine providence
             ... invoked by an orc priest
              (15 damage)
             ... on level 3 of the Dungeon.
             The game lasted 00:06:00 (3117 turns).

Glokmah the Charlatan (Demonspawn Artificer)        Turns: 3117, Time: 00:06:00

Health: -3/33      AC:  3    Str: 11 (13) XL:     4   Next: 6%
Magic:  4/4        EV: 11    Int: 10 (13) God:    Jiyva [*.....]
Gold:   23         SH:  0    Dex: 11 (13) Spells: 2/3 levels left

rFire    . . .     SeeInvis .   a - +4 dagger
rCold    . . .     Faith    .   (no shield)
rNeg     . . .     Spirit   .   b - +0 leather armour
rPois    .         Reflect  .   (helmet restricted)
rElec    .         Harm     .   (no cloak)
rCorr    .         Rampage  .   (no gloves)
Will     .....                  (no boots)
Stlth    +.........             (no amulet)
HPRegen  0.11/turn              (no ring)
MPRegen  0.09/turn              (no ring)

@: no status effects
A: antennae 1, claws 2
a: Renounce Religion, Request Jelly


You were on level 3 of the Dungeon.
You worshipped Jiyva.
Jiyva was aware of your devotion.
You visited 1 branch of the dungeon, and saw 3 of its levels.

You collected 23 gold pieces.

Inventory:

Hand Weapons
 a - a +4 dagger (weapon)
Missiles
 g - 13 stones
Armour
 b - a +0 leather armour (worn)
Wands
 c - a wand of flame (13) (quivered)
 d - a wand of charming (14)
Scrolls
 f - a scroll of teleportation
Miscellaneous
 e - a piece from Xom's chessboard (15/15)


   Skills:
 + Level 1.9 Fighting
 + Level 2.3 Armour
 + Level 1.7 Dodging
 - Level 0.8 Stealth
 * Level 1.0 Unarmed Combat
 + Level 3.5 Evocations


You had 2 spell levels left.
You knew the following spells:

 Your Spells              Type           Power      Damage    Failure   Level
a - Apportation           Tloc           0%         N/A       45%         1

Your spell library contained the following spells:

 Spells                   Type           Power      Damage    Failure   Level
 Animate Skeleton         Necr           0%         N/A       45%         1
 Corona                   Hex            0%         N/A       45%         1
 Summon Small Mammal      Summ           0%         N/A       45%         1


Dungeon Overview and Level Annotations

Branches:
Dungeon (3/15)

Altars:
The Shining One
Jiyva


Innate Abilities, Weirdness & Mutations

You have a pair of small antennae on your head.
You have very sharp fingernails.


Message History

Natasha hisses angrily.
The hobgoblin shouts!
The kobold shouts!
You hear a shout!
Natasha mewls in sadness.
The kobold moves out of view.
You hear a shout!
An orc comes into view. It is wielding a +0 club.
You hear a shout! x2
The goblin shouts!
Found a stone staircase leading down.
The hobgoblin hits you.
An orc priest comes into view. It is wielding a +0 hand axe.
You closely miss Natasha. The hobgoblin closely misses you.
Natasha drinks a potion.
Natasha seems to grow stronger.
You hit Natasha.
Natasha is moderately wounded.
The hobgoblin hits you. Natasha claws you but does no damage.
An orc comes into view. It is wielding a +0 flail.
You barely miss Natasha.
Natasha is moderately wounded.
The hobgoblin hits you. Natasha misses you.
You hit Natasha.
Natasha is almost dead.
The hobgoblin barely misses you. Natasha claws you!
You hit Natasha.
You kill Natasha!
Natasha screams in pain as she dies!
The hobgoblin barely misses you.
The orc priest looks braver for a moment.
An orc priest comes into view. It is wielding a +0 dagger.
You feel your dexterity returning.
Your Unarmed Combat skill increases to level 1!
You have reached level 4!
You feel clever.
Your demonic ancestry asserts itself...
Your fingernails sharpen.
The goblin hits you with a +0 club.
The orc priest looks encouraged for a moment.
There is an escape hatch in the floor here.
The orc priest calls down the wrath of Beogh upon you.
Beogh smites you!
You die...

##........####.#.........# #
#.######....#.#.........# ##.
#.# #...#.........###... #.#
##................# #.######
#.....###.........#
#.#....####.##.######.o.....#
#................oK.o.o..####
##......#.###...g####.##.....#
#...>....###@g>.# #....#...'
#.#####.................#...#
#.###.<.####....###.....# ##o
#...>.### #....# #.......
#..#### #............... #..#
#....###....>... ##.# #....#
### #....#


You could see an orc priest, an orc, a hobgoblin, a goblin and a kobold.

Vanquished Creatures
  Natasha (D:3)
  An adder (D:2)
  A dart slug (D:1)
  4 bats
  3 hobgoblins (D:1)
  7 jackals (D:2)
  3 quokkas
  2 ball pythons
  A frilled lizard (D:1)
  3 goblins
  4 rats
30 creatures vanquished.

Vanquished Creatures (others)
  2 adders (D:2)
  A ball python (D:2)
  2 endoplasms (D:3)
  A goblin (D:3)
  2 hobgoblins (D:2)
  2 kobolds (D:2)
  3 quokkas (D:2)
  A bat (D:1)
  A frilled lizard (D:2)
  A plant (D:3)
16 creatures vanquished.

Grand Total: 46 creatures vanquished

Notes
Turn   | Place    | Note
-------+----------+-------------------------------------------
     0 | D:1      | Glokmah the Demonspawn Artificer began the quest for the
                  | Orb.
     0 | D:1      | Reached XP level 1. HP: 15/15 MP: 1/1
   154 | D:1      | Reached skill level 1 in Dodging
   844 | D:1      | Gained mutation: You have a pair of small antennae on your
                  | head. [demonic ancestry]
   844 | D:1      | Reached XP level 2. HP: 21/21 MP: 2/2
   881 | D:1      | Found a faded altar of an unknown god.
   883 | D:1      | Became a worshipper of Jiyva Jumn the Shapeless
   883 | D:1      | Reached * piety under Jiyva
  1411 | D:1      | Learned a level 1 spell: Apportation
  1811 | D:2      | Gained mutation: You have sharp fingernails. [demonic
                  | ancestry]
  1811 | D:2      | Reached XP level 3. HP: 22/26 MP: 3/3
  2640 | D:2      | HP: 1/27 [quokka (4)]
  3098 | D:3      | Noticed Natasha
  3106 | D:3      | Killed Natasha
  3107 | D:3      | Reached skill level 1 in Unarmed Combat
  3107 | D:3      | Gained mutation: You have very sharp fingernails. [demonic
                  | ancestry]
  3107 | D:3      | Reached XP level 4. HP: 12/33 MP: 4/4
  3117 | D:3      | Killed from afar by an orc priest

Illustrated notes

Levels and vault maps discovered:
D:1:      dpeg_arrival_subterranean_lakeside_camping, layout_loops_ring,
          chequers_ecumenical_altar_twisty, due_unseen_surprise
D:2:      layout_loops_corners, basic_altar
D:3:      kennysheep_goblin_castle, layout_rooms, evilmike_ruin_ashenzari,
          serial_bayou_pond_c, uniq_crazy_yiuf_cottage, uniq_natasha

Skill      XL: |  1  2  3 |
---------------+----------+-----
Dodging        | 1 |  1.7
Armour         | 2 |  2.3
Unarmed Combat | 1 |  1.0
Fighting       | |  1.9
Stealth        | |  0.8
Evocations     | |  3.5

Action                   |  1- 3 |  4- 6 || total
-------------------------+-------+-------++-------
Melee: Club              |    36 |       ||    36
       Dagger            |    72 |       ||    72
Evoke: Wand              |     3 |       ||     3
  Use: Potion            |     3 |       ||     3
       Scroll            |     2 |       ||     2
 Stab: Sleeping          |     4 |       ||     4
Armor: Leather armour    |    31 |       ||    31
Dodge: Dodged            |    83 |       ||    83

Table legend: (Time is in decaauts)
 A = Elapsed time spent in this place.
 B = Non-inter-level travel time spent in this place.
 C = Inter-level travel time spent in this place.
 D = Time resting spent in this place.
 E = Time spent auto-exploring this place.
 F = Levels seen in this place.
 G = Mean time per level.
                   A        B        C        D        E       F      G
               +--------+--------+--------+--------+--------+-----+--------+
         Total |   3131 |   2919 |    212 |    515 |   1910 |   3 | 1043.7 |
       Dungeon |   3131 |   2919 |    212 |    515 |   1910 |   3 | 1043.7 |
               +--------+--------+--------+--------+--------+-----+--------+

Top non-repeatable levels by time:
     D:1: 1669 daAuts
     D:2: 1352 daAuts
     D:3: 109 daAuts
